 Dungeon Crawl Stone Soup version 0.31-a0-102-g33a4ccc0cb (webtiles) character file.

Game seed: 11163841927084555597

37536 Esekla the Nimble (level 13, -18/86 HPs)
             Began as an Octopode Delver on May 26, 2023.
             Was an Initiate of Gozag.
             Demolished by a skyshark (22 damage)
             ... on level 2 of the Lair of Beasts on May 27, 2023.
             The game lasted 02:14:47 (19819 turns).

Esekla the Nimble (Octopode Delver)                Turns: 19819, Time: 02:14:48

Health: -18/86     AC: 12    Str: 16    XL:     13   Next: 97%
Magic:  18/27      EV: 21    Int: 20    God:    Gozag
Gold:   1027       SH:  4    Dex:  8    Spells: 29/32 levels left

rFire   + + +        a - +3 quick blade of Extinguishment {protect, rF+ Will++}
rCold   + . .        A - +0 buckler
rNeg    . . .        G - +0 hat
rPois   +            W - amulet of magic regeneration
rElec   .            M - +5 ring of evasion
rCorr   +            k - ring of protection from cold
SInv    +            E - ring of poison resistance
Will    +++..        P - ring of Ozeyjug {Int+3 SInv}
Stlth   +++++        O - ring "Synymufi" {rF+++ AC+4 Str+4 Dex-5}
HPRegen 0.34/turn    u - ring "Gasuj" {+Blink rCorr SInv}
MPRegen 0.60/turn    Q - ring of willpower
                     (no ring)

%: no passive effects
@: frozen, under a protective aura, on blink cooldown, very slow
A: almost no armour, amphibious, 8 rings, camouflage 1, gelatinous body 1,
(nimble swimmer 1), tentacles
a: Renounce Religion, Evoke Blink, Potion Petition, Call Merchant, Bribe Branch


You were on level 2 of the Lair of Beasts.
You worshipped Gozag.
Gozag was most pleased with you.
You visited 4 branches of the dungeon, and saw 16 of its levels.
You also visited: Sewer, Ossuary and Volcano.

You collected 4988 gold pieces.
You spent 3315 gold pieces at shops.
You paid 646 gold pieces to Gozag.

Inventory:

Hand Weapons
 a - the +3 quick blade of Extinguishment (weapon) {protect, rF+ Will++}
   (You bought it in a shop on level 4 of the Dungeon)

   rF:        It protects you from fire.
   Will:      It greatly increases your willpower.
 c - a +2 long sword of freezing
 f - a +3 scimitar of flaming
 r - the +8 spear of Melep {venom, rC+ Dex+5}
   (You bought it in a shop on level 4 of the Dungeon)

   Dex:       It affects your dexterity (+5).
   rC:        It protects you from cold.
 s - a +4 dagger of freezing
 L - the +6 great sword of Moderation {venom, Fly rPois Stlth+}
   (You bought it in a shop on level 4 of the Dungeon)

   rPois:     It protects you from poison.
   Fly:       It grants you flight.
   Stlth:     It makes you more stealthy.
Missiles
 e - 16 poisoned darts (quivered)
 i - 15 javelins
 K - a curare-tipped dart
Armour
 A - a +0 buckler (worn)
 G - a +0 hat (worn)
Jewellery
 k - a ring of protection from cold (right tentacle)
 u - the ring "Gasuj" (on tentacle) {+Blink rCorr SInv}
   (You bought it in a shop on level 2 of the Orcish Mines)

   [ring of see invisible]

   SInv:      It lets you see invisible.
   +Blink:    It lets you blink.
   rCorr:     It protects you from acid and corrosion.
 w - a ring of fire
 E - a ring of poison resistance (on tentacle)
 M - a +5 ring of evasion (left tentacle)
 O - the ring "Synymufi" (on tentacle) {rF+++ AC+4 Str+4 Dex-5}
   (You bought it in a shop on level 8 of the Dungeon)

   [ring of protection]

   AC:        It affects your AC (+4).
   Str:       It affects your strength (+4).
   Dex:       It affects your dexterity (-5).
   rF:        It renders you almost immune to fire.
 P - the ring of Ozeyjug (on tentacle) {Int+3 SInv}
   (You bought it in a shop on level 8 of the Dungeon)

   [ring of see invisible]

   Int:       It affects your intelligence (+3).
   SInv:      It lets you see invisible.
 Q - a ring of willpower (on tentacle)
 W - an amulet of magic regeneration (around mantle)
Wands
 p - a wand of iceblast (8)
 R - a wand of quicksilver (5)
 S - a wand of digging (2)
 V - a wand of flame (11)
Scrolls
 b - 4 scrolls of fog
 h - 2 scrolls of enchant weapon
 l - a scroll of amnesia {unknown}
 n - 3 scrolls of blinking
 o - 2 scrolls of brand weapon
 q - 2 scrolls of poison
 t - 2 scrolls of enchant armour {unknown}
 x - 2 scrolls of fear
 C - 4 scrolls of teleportation
 J - a scroll of noise {unknown}
 N - a scroll of acquirement {unknown}
Potions
 d - 3 potions of mutation {unknown}
 g - 2 potions of resistance
 j - 3 potions of haste
 m - 2 potions of berserk rage
 v - 5 potions of brilliance
 y - 3 potions of might
 z - 3 potions of magic
 B - 2 potions of attraction
 D - a potion of cancellation {unknown}
 F - 6 potions of curing
 I - a potion of invisibility {unknown}
 U - a potion of heal wounds


   Skills:
 + Level 7.3 Fighting
 + Level 8.0(9.1) Short Blades
 + Level 6.5(8.3) Long Blades
 + Level 2.3 Throwing
 * Level 13.4 Dodging
 + Level 10.7 Stealth
 + Level 4.9 Shields
 * Level 10.4 Spellcasting
 * Level 10.6 Necromancy
 * Level 4.4 Evocations


You had 29 spell levels left.
You knew the following spells:

 Your Spells              Type           Power      Damage    Failure   Level
d - Vampiric Draining     Necr           52%        2d9       1%          3

Your spell library contained the following spells:

 Spells                   Type           Power      Damage    Failure   Level
 Necrotise                Necr           100%       1d9       1%          1
 Agony                    Necr           52%        N/A       3%          5
 Slow                     Hex            40%        N/A       9%          1
 Confusing Touch          Hex            10%        N/A       26%         3
 Cause Fear               Hex            5%         N/A       63%         4
 Summon Forest            Summ/Tloc      2%         N/A       99%         5
 Summon Mana Viper        Hex/Summ       5%         N/A       99%         5
 Summon Cactus Giant      Summ           5%         N/A       100%        6
 Dragon Form              Tmut           5%         N/A       100%        7
 Dragon's Call            Summ           5%         N/A       100%        9


Dungeon Overview and Level Annotations

Branches:
Dungeon (10/15)            Temple (1/1) D:5            Lair (3/5) D:10
  Swamp (0/4) Lair:2          Orc (2/2) D:9             Elf (0/3) Orc:2
  Sewer (visited)         Ossuary (visited)         Volcano (visited)
  Snake: Lair:2-3    Spider: Lair:2-3

Altars:
Ashenzari
Dithmenos
Gozag
Hepliaklqana
Kikubaaqudgha
Nemelex Xobeh
Qazlal
Ru
Trog
Vehumet
Wu Jian
Xom
Yredelemnul

Shops:
D:2 (   D:4 *(!   D:8 =   Orc:2 *=*[(

Portals:
Trove: D:10 (give 15 scrolls of teleportation)

Annotations:
D:3 Grinder
Lair:1 1 runed translucent door, wolfgangpup's ghost, journeyman DsEE
Lair:2 2 transporters


Innate Abilities, Weirdness & Mutations

You cannot wear most types of armour.
You are amphibious.
You can wear up to eight rings at the same time.
Your skin changes colour to match your surroundings (Stealth+).
Your rubbery body absorbs attacks. (AC +1, EV +1)
((You are camouflaged when in or above water. (Stealth+)))
You have tentacles for arms and can constrict up to eight enemies at once.


Message History

The skyshark completely misses you.
The skyshark tail-slaps you but does no damage.
The skyshark misses you.
Casting: Vampiric Draining (safe; 1% risk of failure)
Confirm with . or Enter, or press ? or * to list all spells.
Aiming: Vampiric Draining (safe; 1% risk of failure)
Press: ? - help, Shift-Dir - straight line, f/p - skyshark
Aim: a skyshark (moderately wounded, berserk)
You draw life force from the skyshark!
You feel life coursing into your body. The skyshark completely misses you. x3
Casting: Vampiric Draining (safe; 1% risk of failure)
Confirm with . or Enter, or press ? or * to list all spells.
Aiming: Vampiric Draining (safe; 1% risk of failure)
Press: ? - help, Shift-Dir - straight line, f/p - skyshark
Aim: a skyshark (moderately wounded, berserk)
You draw life force from the skyshark!
You feel life coursing into your body. The skyshark bites you!
The skyshark closely misses you.
The skyshark completely misses you. x2; The skyshark barely misses you. x2
You blink.
The ice encasing you melts away. The rime drake breathes ice at you.
The icy flash freeze hits you. You partially resist.
* * * LOW HITPOINT WARNING * * *
You are encased in ice.
The skyshark closely misses you. You block the skyshark's attack.
The skyshark misses you.
You completely miss the skyshark.
You squeeze the skyshark, but do no damage.
You hit the skyshark but do no damage.
Your weapon exudes an aura of protection.
The skyshark is moderately wounded.
The skyshark bites you!!
* * * LOW HITPOINT WARNING * * *
The skyshark misses you. x2
Okay, then.
Okay, then.
As you read the scroll of fog, it crumbles to dust.
The scroll dissolves into smoke.
The skyshark bites you!!
You die...
Your body crumbles into a pile of gold.

[:[...#...^......>####..###§.....
○°○○..#.............#.+P##.§§....
....○.#...................§§.....
.○....#...................§......
+++####..........................
.....#............###.##.#....P..
#.#..#........§§..###.#.##.....##
.!...#.......>§§k§##....#.....#..
#©#..#........§l@§##....#P.....#.
....☼#........§§§§##....#P....##.
.°...#........#§###########.#.###
######.....................#.....
.©...........#####.#..##...#.###.
.............#...#.#.#...#...#...
...............#.......#...#.....
...............#..#.......#..#..#
.............#.......#...........


You could see a skyshark (berserk) and a rime drake (catching breath).

Vanquished Creatures
  An orc warlord (Orc:1)
  Snorg (Orc:2)
  Fannar (Orc:1)
  Erolcha (Orc:1)
  A hydra (Lair:1)
  A catoblepas (Lair:2)
  3 two-headed ogres (D:10)
  5 death yaks
  3 orc high priests (Orc:2)
  Urug (Lair:2)
  A skyshark (Lair:2)
  2 lindwurms (Volcano)
  5 orc knights
  2 orc sorcerers (Orc:2)
  A toenail golem (Volcano)
  A black mamba (Lair:2)
  2 molten gargoyles (Volcano)
  2 cane toads
  A rime drake (Lair:2)
  A kobold demonologist (D:9)
  Maggie (D:6)
  A komodo dragon (Lair:1)
  2 efreet (Volcano)
  Psyche (D:9)
  7 trolls
  A polar bear (Lair:2)
  Prince Ribbit (D:6)
  A hornet (D:8)
  8 blink frogs
  26 yaks
  4 wyverns
  3 fire bats (Lair:2)
  A basilisk (Lair:1)
  4 fire elementals (Volcano)
  A wraith (D:10)
  A steam dragon (D:4)
  4 vampire mosquitoes (D:10)
  Duvessa (D:7)
  10 water moccasins
  19 orc warriors
  3 black bears
  6 ogres
  4 wolves (Lair:1)
  2 centaurs
  Blork the orc (D:5)
  2 gnoll sergeants
  2 earth elementals (Volcano)
  2 kobold brigands
  13 bullfrogs
  5 scorpions
  13 wights
  Dowan (D:7)
  18 killer bees
  A howler monkey (D:9)
  4 jellies
  8 orc priests
  3 hounds
  2 iguanas
  20 orc wizards
  Terence (D:3)
  8 mummies (Ossuary)
  15 gnolls
  16 adders
  6 river rats
  2 white imps (D:6)
  An ufetubus (D:5)
  A dart slug (D:2)
  34 orcs
  6 endoplasms
  4 giant cockroaches
  9 goblins
  2 hobgoblins
  10 jackals
  3 quokkas
  15 ball pythons
  4 bats
  3 frilled lizards
  2 hobgoblin zombies (Ossuary)
  10 kobolds
  2 kobold zombies (Ossuary)
  4 orc zombies (Ossuary)
  22 rats
  2 fire vortices (Volcano)
425 creatures vanquished.

Vanquished Creatures (others)
  A molten gargoyle (Volcano)
  A jackal (D:4)
  A fire vortex (Volcano)
3 creatures vanquished.

Grand Total: 428 creatures vanquished

Notes
Turn   | Place    | Note
-------+----------+-------------------------------------------
     0 | D:5      | Esekla the Octopode Delver began the quest for the Orb.
     0 | D:5      | Reached XP level 1. HP: 16/16 MP: 1/1
    17 | D:5      | Noticed a scorpion
    25 | D:5      | Noticed Blork the orc
    27 | D:5      | Noticed an orc wizard
    30 | D:5      | Noticed a scorpion
    32 | D:5      | Noticed an orc wizard
    35 | D:5      | Found a staircase to the Ecumenical Temple.
    44 | Temple   | Entered the Ecumenical Temple
    67 | Temple   | Became a worshipper of Gozag Ym Sagoz the Greedy
    98 | D:5      | Noticed a scorpion
   112 | D:4      | Reached XP level 2. HP: 12/21 MP: 2/2
   120 | D:4      | Noticed a wyvern
   120 | D:4      | Noticed a wyvern
   135 | D:4      | Found Piud's Antique Weapon Shop.
   495 | D:3      | Reached XP level 3. HP: 26/26 MP: 3/3
   844 | D:3      | Noticed Terence
   847 | D:3      | Found a glowing drain.
   858 | D:3      | Killed Terence
   859 | D:3      | Reached skill level 1 in Spellcasting
   859 | D:3      | Reached XP level 4. HP: 15/31 MP: 5/5
   946 | Sewer    | Entered a sewer
  1089 | Sewer    | Reached XP level 5. HP: 36/36 MP: 6/6
  1365 | Sewer    | Reached skill level 3 in Dodging
  1365 | Sewer    | Reached XP level 6. HP: 17/43 MP: 6/8
  1807 | D:4      | Noticed a steam dragon
  1939 | D:4      | Bought a transparent great sword for 299 gold pieces
  1939 | D:4      | Identified the +6 great sword of Moderation {venom, Fly
                  | rPois Stlth+} (You bought it in a shop on level 4 of the
                  | Dungeon)
  2039 | D:4      | Found Xuis's Distillery.
  2521 | D:2      | Found a faded altar of an unknown god.
  2926 | D:1      | Learned a level 3 spell: Vampiric Draining
  3256 | D:2      | Found Awics's Weapon Emporium.
  3601 | D:3      | Noticed Grinder
  3620 | D:3      | Reached XP level 7. HP: 48/48 MP: 9/9
  4033 | D:4      | Found Luth's General Store.
  4176 | D:4      | Bought an encrusted quick blade for 520 gold pieces
  4176 | D:4      | Identified the +3 quick blade of Extinguishment {protect,
                  | rF+ Will++} (You bought it in a shop on level 4 of the
                  | Dungeon)
  4271 | D:4      | Reached skill level 4 in Dodging
  4271 | D:4      | Reached skill level 1 in Necromancy
  4484 | D:4      | Reached skill level 1 in Shields
  4777 | D:4      | Killed a steam dragon
  4778 | D:4      | Reached skill level 5 in Long Blades
  4970 | D:4      | Killed a wyvern
  4971 | D:4      | Reached XP level 8. HP: 38/54 MP: 11/11
  5135 | D:4      | Killed a wyvern
  5150 | D:4      | Found an ornate altar of the Wu Jian Council.
  5243 | D:5      | Reached skill level 5 in Dodging
  5444 | D:5      | Killed Blork the orc
  5451 | D:5      | Found a sacrificial altar of Ru.
  5469 | D:5      | Found a stormy altar of Qazlal.
  5619 | D:5      | Reached skill level 5 in Fighting
  5758 | D:5      | Found an ancient bone altar of Kikubaaqudgha.
  5852 | D:6      | Reached skill level 1 in Short Blades
  5973 | D:6      | Found a sand-covered staircase.
  5976 | D:6      | Noticed Prince Ribbit
  5983 | D:6      | Killed Prince Ribbit
  5984 | D:6      | Reached skill level 6 in Dodging
  5984 | D:6      | Reached XP level 9. HP: 61/61 MP: 13/13
  6138 | D:6      | Noticed Maggie
  6154 | D:6      | Killed Maggie
  6180 | Ossuary  | Entered an ossuary
  6638 | D:6      | Found a shadowy altar of Dithmenos.
  6646 | D:6      | Found a broken altar of Ashenzari.
  6952 | D:6      | Reached skill level 7 in Dodging
  7117 | D:6      | Found a shimmering altar of Xom.
  7120 | D:6      | Found a basalt altar of Yredelemnul.
  7124 | D:6      | Found a radiant altar of Vehumet.
  7286 | D:4      | Bought a smoking spear for 208 gold pieces
  7286 | D:4      | Identified the +8 spear of Melep {venom, rC+ Dex+5} (You
                  | bought it in a shop on level 4 of the Dungeon)
  7296 | D:4      | Bought a potion of magic for 96 gold pieces
  7362 | D:7      | Found a sparkling altar of Nemelex Xobeh.
  7431 | D:7      | Noticed Duvessa
  7432 | D:7      | Noticed Dowan
  7441 | D:7      | Noticed a manticore
  7958 | D:7      | Identified the +4 sling of Beyond {freeze, rF- rC++}
  8378 | D:7      | Reached XP level 10. HP: 60/66 MP: 16/16
  8419 | D:7      | Killed Duvessa
  8473 | D:7      | Killed Dowan
  8653 | D:8      | Reached skill level 8 in Dodging
  9332 | D:8      | Found a hazy altar of Hepliaklqana.
  9722 | D:9      | Noticed a kobold demonologist
  9730 | D:9      | Noticed Psyche
  9732 | D:9      | Killed Psyche
  9733 | D:9      | Reached skill level 1 in Throwing
  9733 | D:9      | Reached skill level 9 in Dodging
  9747 | D:9      | Reached skill level 5 in Short Blades
  9755 | D:9      | Killed a kobold demonologist
  9756 | D:9      | Reached skill level 5 in Necromancy
  9767 | D:9      | Reached skill level 5 in Spellcasting
 10073 | D:9      | Found a staircase to the Orcish Mines.
 10195 | D:9      | Reached XP level 11. HP: 72/72 MP: 18/18
 10304 | D:8      | Bought the ring of Ozeyjug {Int+3 SInv} for 367 gold pieces
 10322 | Orc:1    | Entered Level 1 of the Orcish Mines
 10388 | Orc:1    | You fall into a shaft and drop 1 floor!
 10388 | Orc:2    | Entered Level 2 of the Orcish Mines
 10425 | Orc:2    | Noticed an orc sorcerer
 10426 | Orc:2    | Noticed an orc knight
 10428 | Orc:1    | Noticed Erolcha
 10460 | Orc:1    | Reached skill level 10 in Dodging
 10609 | Orc:2    | Reached skill level 10 in Stealth
 10761 | Orc:2    | Found Jotwaw's Antique Armour Emporium.
 10761 | Orc:2    | Noticed an orc knight
 10761 | Orc:2    | Noticed an orc high priest
 11135 | Orc:1    | Killed an orc knight
 11261 | Orc:2    | Killed an orc high priest
 11880 | Orc:1    | Killed Erolcha
 12117 | Orc:1    | Noticed Fannar
 12129 | Orc:1    | Killed Fannar
 12192 | Orc:2    | Noticed an orc sorcerer
 12211 | Orc:2    | Found Ipryeky's General Store.
 12439 | Orc:2    | Noticed a soul eater
 12440 | Orc:2    | Killed an orc sorcerer
 12440 | Orc:2    | Noticed an orc high priest
 12443 | Orc:2    | Killed an orc sorcerer
 12494 | Orc:2    | Killed an orc high priest
 12495 | Orc:2    | Noticed an orc high priest
 12561 | Orc:2    | Killed an orc high priest
 12562 | Orc:2    | Reached XP level 12. HP: 80/80 MP: 23/23
 12629 | Orc:2    | Found Lyfyi's Jewellery Shop.
 12642 | Orc:2    | Found a staircase to the Elven Halls.
 12672 | Orc:2    | Noticed Snorg
 12738 | D:8      | Bought the ring "Synymufi" {rF+++ AC+4 Str+4 Dex-5} for 986
                  | gold pieces
 12774 | Orc:2    | Reached skill level 11 in Dodging
 12787 | Orc:2    | Noticed an orc warlord
 12836 | Orc:1    | HP: 4/80 [orc warlord/+0 long sword (20)]
 12843 | Orc:1    | Killed an orc warlord
 13135 | Orc:2    | Found Soczar's Antique Weapon Boutique.
 13288 | Orc:2    | Found Rosesom's Gadget Gallery.
 13606 | D:10     | Entered Level 10 of the Dungeon
 13679 | D:10     | Noticed a two-headed ogre
 13702 | D:10     | Killed a two-headed ogre
 14132 | D:10     | Found a staircase to the Lair.
 14172 | D:10     | Noticed a two-headed ogre
 14233 | D:10     | Found a portal to a secret trove of treasure.
 14353 | D:10     | Noticed a two-headed ogre
 14481 | D:10     | Killed a two-headed ogre
 14592 | Orc:2    | Bought the ring "Gasuj" {+Blink rCorr SInv} for 449 gold
                  | pieces
 14657 | D:10     | Killed a two-headed ogre
 14719 | D:10     | Reached skill level 1 in Evocations
 14723 | Lair:1   | Entered Level 1 of the Lair of Beasts
 14747 | Lair:1   | Noticed a six-headed hydra
 14768 | D:10     | Reached skill level 12 in Dodging
 15016 | Lair:1   | Killed a six-headed hydra
 15017 | Lair:1   | Reached XP level 13. HP: 27/85 MP: 5/26
 15290 | Lair:1   | Identified the +0 leather armour "Igriod" {rElec rN++
                  | Str+4}
 15819 | Lair:1   | Found a runed translucent door.
 15820 | Lair:1   | Noticed wolfgangpup's ghost (journeyman DsEE)
 16209 | Lair:2   | Found a transporter.
 16254 | Lair:2   | Found a transporter.
 16514 | Lair:2   | Found a dark tunnel.
 16523 | Volcano  | Entered a volcano
 16644 | Volcano  | Reached skill level 13 in Dodging
 18252 | Orc:2    | Bought an amulet of magic regeneration for 390 gold pieces
 18288 | Orc:2    | Killed Snorg
 18289 | Orc:2    | Reached skill level 10 in Spellcasting
 18289 | Orc:2    | Reached skill level 10 in Necromancy
 18505 | Lair:2   | Found a staircase to the Swamp.
 19148 | Lair:2   | Noticed Urug
 19161 | Lair:2   | Killed Urug
 19818 | Lair:2   | HP: 4/86 [skyshark (22)]
 19819 | Lair:2   | Demolished by a skyshark

Illustrated notes

Levels and vault maps discovered:
D:1:      beargit_arrival_greenhouse, layout_basic, nrook_mini_backslash,
          dk_noncrumbling_4, minivault_5
D:2:      layout_basic, serial_shops, shop, shapermc_ecumenical_altar_flowoftime
D:3:      layout_basic, serial_bayou, serial_bayou_pond_a,
          serial_bayou_lagoon_a, serial_bayou_pond_a, serial_bayou_pond_d,
          serial_bayou_crossing, portal_sewer_entry_b, uniq_grinder,
          uniq_terence
D:4:      layout_loops_corners, nzn_wu_jian_council_hall, serial_shops,
          nicolae_shop_competitors_out_of_business, shop,
          nicolae_shop_hallway_plus, grunt_decor_cap, minmay_manual_moon
D:5:      layout_rooms, grunt_qazlal_clouds, lemuel_coloured_pillars_altar,
          kennysheep_mini_moat, minmay_temple_entry_statues_pillars,
          chequers_serial_rivers_room_a, minmay_crystal_water,
          uniq_blork_the_orc
D:6:      layout_loops_corners, mainiacjoe_overflow_boulevard,
          grunt_dithmenos_smoke_and_mirrors, grunt_temple_overflow_diamond,
          nicolae_ossuary_entry_ruins, uniq_prince_ribbit1, uniq_maggie
D:7:      layout_rooms, nemelex_xobeh_ov_fountains_minmay, roderic_lattice_a,
          uniq_duvessa
D:8:      layout_loops_ring, lemuel_tele_altar, serial_rivers,
          chequers_serial_rivers_small_b, chequers_serial_rivers_micro_b,
          chequers_serial_rivers_room_b, chequers_serial_rivers_micro_c,
          chequers_serial_rivers_micro_e, chequers_serial_rivers_small_3
D:9:      layout_basic, orc_0_dummy, uniq_psyche
D:10:     layout_long_grid, due_lair_maze_entry_diamond, enter_trove_2
Temple:   bh_familiar_temple
Lair:1:   layout_regular_city, ebering_ghost_inner_flame, minivault_19,
          grunt_forest_small_clearing_treed, grunt_megastairs_2,
          lemuel_fruit_tree
Lair:2:   gammafunk_cloud_chamber, layout_regular_city, swamp_mist,
          nicolae_volcano_entry_batcave, patterned_corridor, uniq_urug
Lair:3:   layout_misc_corridors, spider_nest_entry_a, basic_altar,
          grunt_megastairs_1, infiniplex_staircase_pool_2
Orc:1:    layout_caves, uniq_fannar, uniq_erolcha
Orc:2:    grunt_orc_gardens, layout_diamond_mine, grunt_orc_garden,
          grunt_orc_garden, grunt_orc_garden, grunt_orc_garden,
          nicolae_shop_gadgets, uniq_nessos, uniq_snorg

Skill      XL: |  1  2  3  4  5  6  7  8  9 10 11 12 13 |
---------------+----------------------------------------+-----
Stealth        | 7 8 9 10 | 10.7
Spellcasting   | 1 2 3 4 5 7 9 10 | 10.4
Long Blades    | 3 4 5 6 |  6.5
Dodging        | 3 4 6 7 9 10 12 13 | 13.4
Fighting       | 4 5 6 7 |  7.3
Necromancy     | 2 3 4 5 7 9 10 | 10.6
Shields        | 1 2 3 4 |  4.9
Short Blades   | 1 4 5 6 7 8 |  8.0
Throwing       | 1 2 |  2.3
Evocations     | 2 4 |  4.4

Action                     |  1- 3 |  4- 6 |  7- 9 | 10-12 | 13-15 || total
---------------------------+-------+-------+-------+-------+-------++-------
  Melee: Falchion          |    33 |    88 |       |       |       ||   121
         Constrict         |    11 |    33 |    52 |   117 |    34 ||   247
         Tentacles         |     8 |    19 |   108 |   349 |   260 ||   744
         Dagger            |     6 |    14 |       |     2 |       ||    22
         Great sword       |       |    39 |    24 |       |    14 ||    77
         Punch             |       |     1 |     8 |    30 |    16 ||    55
         Quick blade       |       |       |   338 |  1040 |   799 ||  2177
         Spear             |       |       |       |     4 |       ||     4
  Throw: Dart              |       |     2 |     7 |    33 |    10 ||    52
         Boomerang         |       |       |     5 |    11 |       ||    16
         Javelin           |       |       |     1 |       |       ||     1
   Cast: Vampiric Draining |       |       |     1 |   101 |    74 ||   176
 Invoke: Call Merchant     |       |       |       |     1 |       ||     1
Ability: Evoke Blink       |       |       |       |     1 |     6 ||     7
  Evoke: Wand              |       |       |       |     4 |       ||     4
    Use: Scroll            |     5 |     2 |     8 |     4 |     4 ||    23
         Potion            |     1 |     3 |     1 |     5 |     2 ||    12
   Stab: Sleeping          |     2 |    23 |    15 |     8 |     2 ||    50
         Distracted        |       |     2 |     1 |     4 |     1 ||     8
 Armour: Skin              |     3 |    10 |    33 |    65 |    65 ||   176
  Dodge: Dodged            |    28 |   136 |   121 |   488 |   404 ||  1177
  Block: Buckler           |       |       |    19 |   111 |    94 ||   224

Table legend: (Time is in decaauts)
 A = Elapsed time spent in this place.
 B = Non-inter-level travel time spent in this place.
 C = Inter-level travel time spent in this place.
 D = Time resting spent in this place.
 E = Time spent auto-exploring this place.
 F = Levels seen in this place.
 G = Mean time per level.
                   A        B        C        D        E       F      G
               +--------+--------+--------+--------+--------+-----+--------+
         Total |  19715 |  18682 |   1033 |   5650 |   3391 |  19 | 1037.6 |
       Dungeon |  10836 |  10068 |    768 |   2204 |   2248 |  10 | 1083.6 |
        Temple |     36 |     36 |      0 |      0 |     15 |   1 |   36.0 |
          Lair |   3158 |   3035 |    123 |    767 |    981 |   3 | 1052.7 |
  Orcish Mines |   3218 |   3077 |    141 |   1365 |     86 |   2 | 1609.0 |
         Sewer |    732 |    732 |      0 |    302 |      0 |   1 |  732.0 |
       Ossuary |    311 |    311 |      0 |      8 |     28 |   1 |  311.0 |
       Volcano |   1421 |   1421 |      0 |   1004 |     33 |   1 | 1421.0 |
               +--------+--------+--------+--------+--------+-----+--------+

Top non-repeatable levels by time:
     D:4: 2235 daAuts
   Orc:1: 1846 daAuts
  Lair:1: 1843 daAuts
     D:6: 1503 daAuts
 Volcano: 1421 daAuts
   Orc:2: 1372 daAuts
  Lair:2: 1300 daAuts
    D:10: 1180 daAuts
     D:3: 1142 daAuts
     D:8: 1107 daAuts
     D:9: 991 daAuts
     D:7: 840 daAuts
   Sewer: 732 daAuts
     D:5: 717 daAuts
     D:1: 660 daAuts
